Map: 뉴커크 재개발 지구 - 토너먼트 (공허의 유산)

Players

MaNa

  • Race: Protoss Protoss
  • Spawn Location: 5:00

GuMiho - Winner!

  • Race: Terran Terran
  • Spawn Location: 7:00

Event: IEM XI Katowice - World Championship 2017

VOD

Have the link to the VOD?

Description

Time

  • Played on: March 3, 2017, 7:12 a.m.
  • Length: 10:09

All games in this series

Show
View Real Time Build Order
Export as new Build Order

MaNa Protoss 

Build Orders: Oracle Opening, Blink Stalkers 

Get SALT Encoding   

  12  0:00  Probe (Chrono Boost)  
  13  0:11  Probe (Chrono Boost)  
  14  0:18  Pylon  
  14  0:22  Probe (Chrono Boost)  
  15  0:36  Gateway, Probe (Chrono Boost)  
  15  0:42  Assimilator  
  16  0:46  Probe (Chrono Boost)  
  17  0:51  Assimilator  
  18  0:57  Probe (Chrono Boost)  
  18  1:07  Probe (Chrono Boost)  
  19  1:18  Probe (Chrono Boost)  
  20  1:23  Cybernetics Core  
  20  1:28  Probe (Chrono Boost)  
  20  1:31  Pylon  
  21  1:39  Probe (Chrono Boost)  
  22  1:50  Probe (Chrono Boost)  
  23  2:01  Adept, Mothership Core (Chrono Boost)  
  27  2:03  Stargate  
  27  2:09  Warp Gate  
  27  2:19  Probe (Chrono Boost)  
  27  2:20  Pylon  
  28  2:43  Oracle, Nexus  
  31  2:56  Probe (Chrono Boost)  
  32  3:05  Twilight Council  
  32  3:08  Probe (Chrono Boost)  
  33  3:19  Probe (Chrono Boost)  
  34  3:25  Gateway x2  
  34  3:29  Blink, Probe (Chrono Boost)  
  35  3:45  Probe (Chrono Boost)  
  34  3:56  Oracle  
  34  3:57  Probe (Chrono Boost)  
  34  4:00  Probe (Chrono Boost)  
  38  4:09  Probe (Chrono Boost)  
  39  4:10  Probe (Chrono Boost)  
  40  4:21  Probe x2 (Chrono Boost)  
  40  4:23  Stalker x2  
  46  4:28  Stalker  
  48  4:32  Probe (Chrono Boost)  
  49  4:42  Probe (Chrono Boost)  
  51  4:48  Stalker x2  
  51  4:50  Pylon  
  51  4:52  Pylon  
  54  5:08  Probe (Chrono Boost)  
  54  5:10  Probe (Chrono Boost)  
  54  5:12  Stalker x3  
  62  5:18  Assimilator  
  62  5:19  Probe (Chrono Boost)  
  64  5:22  Probe (Chrono Boost)  
  64  5:29  Probe (Chrono Boost)  
  64  5:33  Nexus  
  64  5:34  Probe (Chrono Boost)  
  66  5:38  Pylon  
  66  5:42  Probe (Chrono Boost)  
  67  5:46  Probe (Chrono Boost)  
  68  5:51  Stalker  
  68  5:56  Resonating Glaives  
  70  5:59  Stalker  
  70  6:00  Stalker  
  70  6:01  Probe (Chrono Boost)  
  70  6:03  Probe (Chrono Boost)  
  76  6:05  Gateway  
  76  6:07  Gateway  
  76  6:14  Probe (Chrono Boost)  
  76  6:15  Probe (Chrono Boost)  
  76  6:17  Pylon  
  78  6:34  Gateway  
  78  6:36  Gateway, Probe (Chrono Boost)  
  78  6:37  Probe (Chrono Boost)  
  78  6:38  Sentry  
  78  6:39  Adept, Sentry  
  86  6:46  Probe x2 (Chrono Boost)  
  88  6:48  Pylon  
  88  6:49  Probe (Chrono Boost)  
  89  6:57  Robotics Facility, Probe x2 (Chrono Boost)  
  92  7:01  Probe (Chrono Boost)  
  92  7:05  Sentry x2  
  92  7:07  Probe x2 (Chrono Boost)  
  92  7:08  Assimilator  
  98  7:13  Probe (Chrono Boost)  
  98  7:15  Assimilator, Adept x3  
  103  7:18  Probe (Chrono Boost)  
  106  7:25  Pylon, Forge  
  106  7:27  Pylon  
  106  7:31  Adept  
  108  7:39  Probe (Chrono Boost)  
  108  7:41  Immortal  
  108  7:43  Probe (Chrono Boost)  
  110  7:45  Pylon  
  110  7:51  Stalker x3  
  116  7:53  Pylon  
  116  7:55  Assimilator  
  120  8:03  Adept x3  
  126  8:07  Adept  
  126  8:09  Pylon  
  126  8:10  Pylon  
  126  8:24  Adept x3  
  126  8:25  Adept x3  
  124  8:44  Adept  
  124  8:45  Adept x6  
  124  8:47  Immortal  
  94  9:05  Adept x5  
  94  9:06  Adept x2  
  105  9:25  Adept x5  
  105  9:26  Adept  
  95  9:47  Adept x2  
  95  9:48  Adept x5  
Show
View Real Time Build Order
Export as new Build Order

GuMiho Terran - Winner!

Build Orders: MMM Bio 

Get SALT Encoding   

  12  0:00  SCV  
  13  0:13  SCV  
  14  0:19  Supply Depot  
  14  0:25  SCV  
  15  0:28  Refinery  
  15  0:41  SCV  
  16  0:45  Barracks  
  16  0:53  SCV  
  17  1:05  SCV  
  18  1:17  SCV  
  19  1:32  Marine, Orbital Command  
  20  1:34  Factory  
  20  1:45  Supply Depot  
  20  1:50  Barracks Reactor  
  20  1:58  SCV  
  21  2:10  SCV  
  22  2:17  Widow Mine  
  25  2:24  Command Center  
  25  2:27  Marine  
  25  2:28  Marine  
  26  2:34  Engineering Bay  
  26  2:40  Supply Depot  
  26  2:42  SCV  
  26  2:44  Marine  
  26  2:46  Marine  
  28  2:54  SCV  
  28  2:57  Starport  
  29  3:01  Widow Mine  
  32  3:07  SCV  
  32  3:15  Marine x2  
  34  3:20  SCV  
  34  3:27  Refinery  
  34  3:33  Marine x2, Medivac  
  38  3:36  Orbital Command  
  38  3:38  Widow Mine  
  40  3:43  SCV  
  40  3:50  Marine  
  40  3:51  Marine  
  40  3:53  Orbital Command  
  42  3:56  SCV  
  43  4:08  Marine x2, SCV  
  46  4:11  Viking  
  46  4:12  Cyclone  
  51  4:20  SCV  
  51  4:21  SCV  
  53  4:30  Marine  
  54  4:31  Barracks  
  54  4:33  Marine, SCV  
  54  4:36  SCV  
  54  4:42  Bunker  
  54  4:47  Factory Tech Lab  
  54  4:59  Supply Depot  
  54  5:00  Supply Depot  
  54  5:18  Supply Depot  
  54  5:20  Siege Tank, Marine x2, Viking, Barracks Tech Lab, SCV  
  54  5:21  SCV  
  63  5:24  Barracks  
  63  5:32  SCV  
  63  5:33  SCV  
  65  5:38  Marine  
  65  5:42  Marine  
  66  5:48  Stimpack  
  66  5:49  SCV  
  67  5:52  Siege Tank  
  68  6:02  Marine x2  
  69  6:05  Marine  
  69  6:08  SCV x2  
  72  6:13  Barracks Tech Lab  
  72  6:14  Starport Reactor  
  72  6:20  Marine x2  
  72  6:22  Engineering Bay  
  72  6:23  Marine  
  75  6:26  Supply Depot  
  75  6:28  Supply Depot  
  75  6:34  Marine, Combat Shields  
  75  6:38  Marine x2  
  78  6:40  Factory Reactor  
  78  6:49  Terran Infantry Weapons Level 1, Missile Turret  
  78  6:50  Refinery  
  78  6:51  Missile Turret  
  78  6:53  SCV x2  
  80  6:56  Marine, Marauder x2  
  80  6:59  Marine  
  86  7:05  SCV x2  
  86  7:07  Supply Depot  
  88  7:16  Marine  
  88  7:18  Marauder x2  
  93  7:28  Medivac  
  93  7:29  Supply Depot, Refinery, Medivac  
  97  7:32  Supply Depot  
  97  7:35  Marine x2  
  98  7:39  Marine, Marauder  
  101  7:45  SCV  
  101  7:50  Widow Mine x2  
  101  7:51  SCV  
  107  7:52  Supply Depot, Marine  
  107  7:55  Marine, Supply Depot  
  107  7:56  Concussive Shells  
  109  8:01  Marauder  
  109  8:02  Marauder  
  113  8:06  SCV  
  113  8:07  SCV  
  113  8:11  Medivac  
  117  8:13  Medivac  
  117  8:16  Marine  
  118  8:22  Marauder  
  118  8:23  Marauder  
  118  8:26  Marine  
  123  8:27  Widow Mine x2  
  127  8:34  Marine  
  120  8:44  Marine, Marauder  
  120  8:45  Marauder  
  120  8:46  SCV x2  
  119  8:52  Marine  
  119  8:53  Liberator  
  109  8:57  Liberator  
  109  9:02  Marine  
  100  9:04  Widow Mine x2  
  100  9:05  Marauder  
  100  9:06  Marauder  
  108  9:10  Marine  
  115  9:21  Marine  
  116  9:26  Marauder  
  116  9:27  Marauder  
  116  9:28  Marine  
  121  9:39  Marine  
  116  9:45  Marine  
  116  9:48  Marauder  
  117  10:03  Barracks  
  119  10:07  Barracks  

Tags
 
Add a new tag
Caveats
  • Supply blocks, unpowered buildings, or Contaminate may cause inaccurate times.
  • Supply counts are checked every 10 seconds.